 Dungeon Crawl Stone Soup version 0.30-a0-691-g754fce4c43 (webtiles) character file.

Game seed: 5298358847082281532

157 bmack86 the Covered (level 5, -6/47 HPs)
             Began as a Minotaur Fighter on Jan 20, 2023.
             Mangled by an iron imp (7 damage)
             ... summoned by Eustachio
             ... on level 4 of the Dungeon.
             The game lasted 00:06:28 (2303 turns).

bmack86 the Covered (Minotaur Fighter)              Turns: 2303, Time: 00:06:29

Health: -6/47      AC:  9    Str: 23      XL:     5   Next: 15%
Magic:  4/4        EV:  8    Int:  5      God:
Gold:   234        SH:  8    Dex:  7 (9)  Spells: 4/4 levels left

rFire   . . .      SeeInvis .    a - +0 war axe
rCold   . . .      Faith    .    n - +0 kite shield
rNeg    . . .      Spirit   .    b - +0 scale mail
rPois   .          Reflect  .    (helmet restricted)
rElec   .          Harm     .    (no cloak)
rCorr   .          Rampage  +    (no gloves)
Will    .....                    i - +1 pair of boots {rampage} Stlth
                                 (no amulet)
HPRegen 0.27/turn                (no ring)
MPRegen 0.09/turn                (no ring)

@: no status effects
A: horns 2, retaliatory headbutt
a: no special abilities


You were on level 4 of the Dungeon.
You visited 1 branch of the dungeon, and saw 4 of its levels.

You collected 234 gold pieces.

Inventory:

Hand Weapons
 a - a +0 war axe (weapon)
Missiles
 p - 2 poisoned darts (quivered)
Armour
 b - a +0 scale mail (worn)
 i - a +1 pair of boots of rampaging (worn)
 n - a +0 kite shield (worn)
Wands
 o - a wand of paralysis (13)
Scrolls
 c - a scroll of fog {unknown}
 e - a scroll of teleportation
 k - 2 scrolls of magic mapping
 l - 4 scrolls of vulnerability
 m - a scroll of fear {unknown}
 q - a scroll of brand weapon {unknown}
 r - a scroll of blinking {unknown}
Potions
 d - 2 potions of might
 f - 4 potions of lignification
 g - 3 potions of curing
 h - a potion of invisibility
 j - a potion of haste {unknown}


   Skills:
 + Level 4.3 Fighting
 * Level 4.4 Axes
 + Level 1.3 Throwing
 + Level 4.4 Armour
 + Level 4.4 Shields


You had 4 spell levels left.
You didn't know any spells.
Your spell library was empty.

Dungeon Overview and Level Annotations

Branches:
Dungeon (4/15)
 Temple: D:4-7

Altars:
Vehumet

Annotations:
D:4 Blork the orc, Eustachio


Innate Abilities, Weirdness & Mutations

You have a pair of horns on your head.
You reflexively headbutt those who attack you in melee.


Message History

Unknown command.
The iron imp lashes its tail.
The iron imp hits you but does no damage.
Eustachio hits you with a +0 rapier.
* * * LOW HITPOINT WARNING * * *
You block Eustachio's attack.
You closely miss Eustachio. You headbutt Eustachio!
Eustachio is lightly wounded.
You barely miss the crimson imp. You barely miss the quasit.
The quasit bites you but does no damage.
The quasit claws you but does no damage.
You block the quasit's attack.
The crimson imp blinks!
The quasit closely misses you. You furiously retaliate!
You headbutt the quasit. You block the quasit's attack.
The quasit barely misses you. Eustachio closely misses you.
You slash Eustachio!
Eustachio is heavily wounded.
You barely miss the iron imp. You barely miss the quasit.
The quasit barely misses you. You furiously retaliate!
You headbutt the quasit!
You kill the quasit!
The quasit disappears in a puff of smoke!
Eustachio hits you with a +0 rapier.
* * * LOW HITPOINT WARNING * * *
The iron imp hits you!
* * * LOW HITPOINT WARNING * * *
You block Eustachio's attack.
You hit Eustachio.
Eustachio is heavily wounded.
You hit the iron imp.
The crimson imp blinks!
Eustachio hits you with a +0 rapier.
* * * LOW HITPOINT WARNING * * *
The iron imp barely misses you. You furiously retaliate!
You headbutt the iron imp, but do no damage.
You closely miss Eustachio.
You headbutt Eustachio, but do no damage.
Eustachio is heavily wounded.
You slash the iron imp! Eustachio hits you with a +0 rapier.
* * * LOW HITPOINT WARNING * * *
The iron imp hits you!
You die...

### #.###......#
*,,,,,,,**,*,*, ..#
#..........#
******+***,*,*, ..#
#.....†....# *,,**,*,*, ..#
#......§...# **,**,*,*, ..#
#..........# *,,,,,,*, ###
##...#.....# ***,,,,,,
#...#.....# *******,,,,,,
#...#....5#####...,,,,,,,,,
#...#.....@....#*********,,
##########@.......,** *,,
#.....(..,,* *,,
#[.......,,* *,*
#........,,*****,*
#####....,,,,,,,,*
*....,,,,,,*,*
**###*****,*,* *,,,*


You could see Eustachio and an iron imp (summoned).

Vanquished Creatures
  A scorpion (D:4)
  4 gnolls
  2 worms (D:2)
  A dart slug (D:1)
  2 ball pythons (D:3)
  5 endoplasms
  2 giant cockroaches
  6 goblins
  8 hobgoblins
  2 jackals (D:1)
  2 quokkas (D:4)
  A bat (D:3)
  2 frilled lizards
  3 kobolds
  2 rats (D:2)
43 creatures vanquished.

Notes
Turn   | Place    | Note
-------+----------+-------------------------------------------
     0 | D:1      | bmack86 the Minotaur Fighter began the quest for the Orb.
     0 | D:1      | Reached XP level 1. HP: 19/19 MP: 0/0
   468 | D:1      | Reached XP level 2. HP: 27/27 MP: 1/1
   673 | D:2      | Found a radiant altar of Vehumet.
   984 | D:2      | Found a faded altar of an unknown god.
  1048 | D:2      | Reached XP level 3. HP: 33/33 MP: 2/2
  1883 | D:3      | Reached XP level 4. HP: 23/40 MP: 3/3
  2251 | D:4      | Noticed Blork the orc
  2251 | D:4      | Noticed a scorpion
  2258 | D:4      | Killed a scorpion
  2259 | D:4      | Reached skill level 1 in Throwing
  2259 | D:4      | Reached XP level 5. HP: 44/47 MP: 4/4
  2276 | D:4      | Noticed Eustachio
  2302 | D:4      | HP: 2/47 [Eustachio/+0 rapier (5)]
  2303 | D:4      | Mangled by an iron imp

Illustrated notes

Levels and vault maps discovered:
D:1:      nzn_arrival_depleted_hourglass, layout_basic, kennysheep_doodads,
          minmay_misc_feat_x
D:2:      layout_rooms, basic_altar, chequers_ecumenical_altar_simple,
          minmay_cut_off
D:3:      layout_loops_ring
D:4:      layout_basic, kennysheep_orc_chapel, uniq_menkaure, uniq_eustachio,
          uniq_blork_the_orc

Skill      XL: |  1  2  3  4 |
---------------+-------------+-----
Axes           | 3 4 |  4.4
Armour         | 4 |  4.4
Shields        | 4 |  4.4
Fighting       | 4 |  4.3
Throwing       | 1 |  1.3

Action                   |  1- 3 |  4- 6 || total
-------------------------+-------+-------++-------
Melee: War axe           |    81 |    41 ||   122
       Headbutt          |    12 |     3 ||    15
Throw: Dart              |       |     2 ||     2
  Use: Scroll            |     6 |       ||     6
Armor: Scale mail        |    41 |    41 ||    82
Dodge: Dodged            |    33 |    39 ||    72
Block: Buckler           |    17 |     1 ||    18
       Kite shield       |       |    24 ||    24

Table legend: (Time is in decaauts)
 A = Elapsed time spent in this place.
 B = Non-inter-level travel time spent in this place.
 C = Inter-level travel time spent in this place.
 D = Time resting spent in this place.
 E = Time spent auto-exploring this place.
 F = Levels seen in this place.
 G = Mean time per level.
                   A        B        C        D        E       F      G
               +--------+--------+--------+--------+--------+-----+--------+
         Total |   2354 |   2328 |     26 |    155 |   1306 |   4 |  588.5 |
       Dungeon |   2354 |   2328 |     26 |    155 |   1306 |   4 |  588.5 |
               +--------+--------+--------+--------+--------+-----+--------+

Top non-repeatable levels by time:
     D:3: 782 daAuts
     D:1: 658 daAuts
     D:2: 505 daAuts
     D:4: 408 daAuts
